APL (24 & UNDER)
PENSACOLA PILOTS @ STATE COLLEGE SPIKES
04/19/2027
 
TOP OF THE 1ST
Pensacola Pilots batting - Pitching for State College Spikes : RHP Ron Crawford
Pitching: RHP Ron Crawford
Batting: RHB Julian Lee 0-0: Called Strike
0-1: Bunt for hit - play at first, batter safe!
Batting: RHB Jonny Lord 0-0: Ball
1-0: Ball
2-0: Ball
3-0: Base on Balls
Julian Lee to second
Batting: RHB Peter Bishop 0-0: Ball
1-0: Ball
2-0: Ball
3-0: Called Strike
3-1: Called Strike
3-2: Fly out, F9 (Flyball, 9LS)
Batting: LHB Weston Chaney 0-0: Ball
1-0: Ball
2-0: Called Strike
2-1: Ball
3-1: Swinging Strike
3-2: Base on Balls
Julian Lee to third
Jonny Lord to second
Batting: RHB Juan Hernández 0-0: Called Strike
0-1: Foul Ball, location: 2F
0-2: Ball
1-2: Strikes out swinging
Batting: RHB Roberto Gómez 0-0: SINGLE (Groundball, 34D)
Julian Lee scores
Jonny Lord to third
Weston Chaney to second
Runner from 3rd tries for Home, SAFE, no throw
Batting: LHB Nick Gamble 0-0: DOUBLE (Line Drive, 7D)
Weston Chaney scores
Roberto Gómez to third
Runner from 3rd tries for Home, SAFE, no throw
Batting: RHB Aaron Grizzle 0-0: Ball
1-0: Foul Ball, location: 2F
1-1: Called Strike
1-2: Foul Ball, location: 2F
1-2: Foul Ball, location: 2F
1-2: Ball
2-2: Strikes out swinging
Top of the 1st over - 4 run(s), 3 hit(s), 0 error(s), 1 left on base; Pensacola 4 - State College 0
BOTTOM OF THE 1ST
State College Spikes batting - Pitching for Pensacola Pilots : RHP Manuel Valdés
Pitching: RHP Manuel Valdés
Batting: RHB Nick Mackin 0-0: Swinging Strike
0-1: Fly out, F7 (Flyball, 7LMF)
Batting: LHB Rod Blevins 0-0: Swinging Strike
0-1: Swinging Strike
0-2: Fly out, F4 (Popup, 4)
Batting: SHB Greg Butterfield 0-0: Ball
1-0: Called Strike
1-1: Ball
2-1: Ground out 4-3 (Groundball, 4)
Bottom of the 1st over - 0 run(s), 0 hit(s), 0 error(s), 0 left on base; Pensacola 4 - State College 0
TOP OF THE 2ND
Pensacola Pilots batting - Pitching for State College Spikes : RHP Ron Crawford
Batting: RHB Jesús García 0-0: Foul Ball, location: 2F
0-1: Called Strike
0-2: Foul Ball, location: 2F
0-2: Ground out 1-3 (Groundball, 13)
Batting: RHB Julian Lee 0-0: SINGLE (Groundball, 56D)
Batting: RHB Jonny Lord 0-0: Ball
1-0: Ball
2-0: Ball
3-0: Base on Balls
Julian Lee to second
Batting: RHB Peter Bishop 0-0: Ball
1-0: Fly out, F8 (Flyball, 8LD)
Runner from 2nd tags up, SAFE at 3rd, no throw
Batting: LHB Weston Chaney 0-0: Called Strike
0-1: Foul Ball, location: 2F
0-2: Ball
1-2: Ball
2-2: Ball
3-2: Foul Ball, location: 2F
3-2: Strikes out looking
Top of the 2nd over - 0 run(s), 1 hit(s), 0 error(s), 2 left on base; Pensacola 4 - State College 0
BOTTOM OF THE 2ND
State College Spikes batting - Pitching for Pensacola Pilots : RHP Manuel Valdés
Batting: RHB Mike Ingram 0-0: Ball
1-0: SINGLE (Groundball, 6MD)
Batting: RHB Eric Knight 0-0: Ball
1-0: Called Strike
1-1: Foul Ball, location: 2F
1-2: Foul Ball, location: 2F
1-2: Ball
2-2: Fly out, F4 (Popup, 34)
Batting: RHB Blair Whitehead 0-0: Called Strike
0-1: Ball
1-1: Fly out, F6 (Line Drive, 6M)
Batting: RHB Joaquín Vásquez 0-0: Ball
1-0: Ball
2-0: SINGLE (Groundball, 6D)
Mike Ingram to second
Batting: RHB Alonzo Herrera 0-0: Fly out, F4 (Popup, 4MD)
Bottom of the 2nd over - 0 run(s), 2 hit(s), 0 error(s), 2 left on base; Pensacola 4 - State College 0
TOP OF THE 3RD
Pensacola Pilots batting - Pitching for State College Spikes : RHP Ron Crawford
Batting: RHB Juan Hernández 0-0: Ball
1-0: Called Strike
1-1: Ball
2-1: Ball
3-1: Foul Ball, location: 2F
3-2: Strikes out looking
Batting: RHB Roberto Gómez 0-0: Called Strike
0-1: DOUBLE (Line Drive, 78XD)
Batting: LHB Nick Gamble 0-0: Called Strike
0-1: Ball
1-1: Ball
2-1: Ball
3-1: Base on Balls
Batting: RHB Aaron Grizzle 0-0: Ball
1-0: Called Strike
1-1: Swinging Strike
1-2: Ball
2-2: Strikes out swinging
Batting: RHB Jesús García 0-0: Ball
1-0: Ball
2-0: Called Strike
2-1: Reached via error on a dropped throw, E4
Roberto Gómez to third
Nick Gamble to second
Batting: RHB Julian Lee 0-0: Swinging Strike
0-1: Called Strike
0-2: Ground out 4-3 (Groundball, 4S)
Top of the 3rd over - 0 run(s), 1 hit(s), 1 error(s), 3 left on base; Pensacola 4 - State College 0
BOTTOM OF THE 3RD
State College Spikes batting - Pitching for Pensacola Pilots : RHP Manuel Valdés
Batting: SHB Thomas Simmons 0-0: Ball
1-0: Ball
2-0: Called Strike
2-1: Called Strike
2-2: Foul Ball, location: 2F
2-2: Strikes out swinging
Batting: RHB Nick Mackin 0-0: Called Strike
0-1: SINGLE (Groundball, 34D)
Batting: LHB Rod Blevins 0-0: Ball
1-0: Called Strike
1-1: Ball
2-1: Ball
3-1: Swinging Strike
3-2: Strikes out looking
Batting: SHB Greg Butterfield 0-0: Called Strike
0-1: Ball
1-1: Ball
2-1: Ball
3-1: Fielders Choice at 2nd, 4-6 (Groundball, 4)
Bottom of the 3rd over - 0 run(s), 1 hit(s), 0 error(s), 0 left on base; Pensacola 4 - State College 0
TOP OF THE 4TH
Pensacola Pilots batting - Pitching for State College Spikes : RHP Ron Crawford
Batting: RHB Jonny Lord 0-0: Ball
1-0: Foul Ball, location: 2F
1-1: Swinging Strike
1-2: Ball
2-2: Strikes out swinging
Batting: RHB Peter Bishop 0-0: Ball
1-0: DOUBLE (Groundball, 5L)
Batting: LHB Weston Chaney 0-0: Ball
1-0: SINGLE (Groundball, 56D)
Peter Bishop to third
Runner from 3rd tries for Home, throw and OUT!
Batting: RHB Juan Hernández 0-0: Fielders Choice at 2nd, 5-4 (Groundball, 5)
Top of the 4th over - 0 run(s), 2 hit(s), 0 error(s), 0 left on base; Pensacola 4 - State College 0
BOTTOM OF THE 4TH
State College Spikes batting - Pitching for Pensacola Pilots : RHP Manuel Valdés
Batting: RHB Mike Ingram 0-0: Ball
1-0: Ground out 6-3 (Groundball, 6)
Batting: RHB Eric Knight 0-0: Foul Ball, location: 2F
0-1: SINGLE (Line Drive, 56)
Batting: RHB Blair Whitehead 0-0: Fly out, F9 (Flyball, 9LSF)
Batting: RHB Joaquín Vásquez 0-0: Ball
1-0: Ball
2-0: Ball
3-0: Base on Balls
Eric Knight to second
Batting: RHB Alonzo Herrera 0-0: Called Strike
0-1: Ball
1-1: Swinging Strike
1-2: DOUBLE (Flyball, 78XD)
Eric Knight scores
Joaquín Vásquez to third
Pitching: RHP Luis Salas
Batting: SHB Thomas Simmons 0-0: Called Strike
0-1: Ball
1-1: Called Strike
1-2: Ball
2-2: Ball
3-2: Foul Ball, location: 2F
3-2: Foul Ball, location: 2F
3-2: SINGLE (Line Drive, 6MD)
Joaquín Vásquez scores
Alonzo Herrera to third
Alonzo Herrera scores
Batting: RHB Nick Mackin 0-0: Ball
1-0: Fielders Choice at 2nd, 4-6 (Groundball, 4)
Bottom of the 4th over - 3 run(s), 3 hit(s), 0 error(s), 0 left on base; Pensacola 4 - State College 3
TOP OF THE 5TH
Pensacola Pilots batting - Pitching for State College Spikes : RHP Ron Crawford
Pitching: RHP António Córdova
Batting: RHB Roberto Gómez 0-0: Called Strike
0-1: Ball
1-1: Swinging Strike
1-2: Ball
2-2: Foul Ball, location: 2F
2-2: Ball
3-2: Foul Ball, location: 2F
3-2: Foul Ball, location: 2F
3-2: Base on Balls
Batting: LHB Nick Gamble 0-0: Ball
Roberto Gómez is caught stealing 2nd base
1-0: Foul Ball, location: 2F
1-1: Fly out, F8 (Flyball, 8LXD)
Batting: RHB Aaron Grizzle 0-0: Ground out 6-3 (Groundball, 6)
Top of the 5th over - 0 run(s), 0 hit(s), 0 error(s), 0 left on base; Pensacola 4 - State College 3
BOTTOM OF THE 5TH
State College Spikes batting - Pitching for Pensacola Pilots : RHP Luis Salas
Batting: LHB Rod Blevins 0-0: Ball
1-0: Foul Ball, location: 2F
1-1: Ball
2-1: Foul Ball, location: 2F
2-2: Foul Ball, location: 2F
2-2: Ball
3-2: Foul Ball, location: 2F
3-2: Foul Ball, location: 2F
3-2: SINGLE (Line Drive, 6D)
Batting: SHB Greg Butterfield 0-0: Ball
1-0: Swinging Strike
1-1: Swinging Strike
1-2: Strikes out swinging
Batting: RHB Mike Ingram 0-0: Ball
1-0: Foul Ball, location: 2F
1-1: Ball
2-1: DOUBLE (Flyball, 78XD)
Rod Blevins to third
Pinch Runner at 2nd Matt Tucker:
Batting: RHB Eric Knight 0-0: Foul Ball, location: 2F
0-1: Ball
1-1: Ball
2-1: Swinging Strike
2-2: Foul Ball, location: 2F
2-2: Ball
3-2: Foul Ball, location: 2F
3-2: Base on Balls
Pitching: RHP Jesús Núñez
Batting: RHB Blair Whitehead 0-0: Fly out, F9 (Flyball, 9LS)
Batting: RHB Joaquín Vásquez 0-0: Ball
1-0: Ball
2-0: Ball
3-0: Called Strike
3-1: Fly out, F7 (Flyball, 7)
Bottom of the 5th over - 0 run(s), 2 hit(s), 0 error(s), 3 left on base; Pensacola 4 - State College 3
TOP OF THE 6TH
Pensacola Pilots batting - Pitching for State College Spikes : RHP António Córdova
Now in RF: Matt Tucker
Batting: RHB Jesús García 0-0: Foul Ball, location: 2F
0-1: Ground out 4-3 (Groundball, 4M)
Batting: RHB Julian Lee 0-0: Ball
1-0: Ball
2-0: Foul Ball, location: 2F
2-1: Foul Ball, location: 2F
2-2: Foul Ball, location: 2F
2-2: SINGLE (Groundball, 6) (infield hit)
Batting: RHB Jonny Lord 0-0: Ball
1-0: Ball
2-0: Foul Ball, location: 2F
2-1: Swinging Strike
2-2: Foul Ball, location: 2F
2-2: Ball
3-2: Foul Ball, location: 2F
3-2: Ground out 6-3 (Groundball, 6)
Julian Lee to second
Batting: RHB Peter Bishop 0-0: Ball
1-0: Foul Ball, location: 2F
1-1: Called Strike
1-2: Ball
2-2: Strikes out swinging
Top of the 6th over - 0 run(s), 1 hit(s), 0 error(s), 1 left on base; Pensacola 4 - State College 3
BOTTOM OF THE 6TH
State College Spikes batting - Pitching for Pensacola Pilots : RHP Jesús Núñez
Batting: RHB Alonzo Herrera 0-0: Called Strike
0-1: Called Strike
0-2: Ball
1-2: Ball
2-2: SINGLE (Groundball, 34) (infield hit)
Batting: SHB Thomas Simmons 0-0: Ball
Alonzo Herrera is caught stealing 2nd base
1-0: Ball
2-0: Called Strike
2-1: Ball
3-1: Foul Ball, location: 2F
3-2: Base on Balls
Batting: RHB Nick Mackin 0-0: Ball
Thomas Simmons steals 2nd base
1-0: Ball
2-0: Ball
3-0: Called Strike
3-1: DOUBLE (Line Drive, 78D)
Thomas Simmons scores
Batting: LHB Rod Blevins 0-0: Intentional Walk
Batting: SHB Greg Butterfield 0-0: Ball
1-0: Ball
2-0: SINGLE (Groundball, 34D)
Nick Mackin to third
Rod Blevins to second
Runner from 3rd tries for Home, SAFE, throw made at trailing runner, OUT at third!
Batting: RHB Matt Tucker 0-0: Called Strike
0-1: Ball
1-1: Ball
2-1: Called Strike
Greg Butterfield steals 2nd base
2-2: Foul Ball, location: 2F
2-2: Foul Ball, location: 2F
2-2: Fly out, F4 (Line Drive, 4)
Bottom of the 6th over - 2 run(s), 3 hit(s), 0 error(s), 1 left on base; Pensacola 4 - State College 5
TOP OF THE 7TH
Pensacola Pilots batting - Pitching for State College Spikes : RHP António Córdova
Batting: LHB Weston Chaney 0-0: Ball
1-0: Ball
2-0: Called Strike
2-1: Called Strike
2-2: Ball
3-2: Reached on error, E5 (Groundball, 56)
Batting: RHB Juan Hernández 0-0: Called Strike
0-1: Ball
1-1: Reached on error, E8 (Flyball, 8RM)
Weston Chaney to second
Pinch Hitting: RHB Jesús Sánchez 0-0: Bunt - Flyout! F2
Batting: LHB Nick Gamble 0-0: Called Strike
0-1: Ball
1-1: SINGLE (Groundball, 6MD)
Weston Chaney to third
Juan Hernández to second
Pinch Hitting: LHB Ricardo García 0-0: Ball
1-0: Called Strike
1-1: Foul Ball, location: 2F
1-2: Foul Ball, location: 2F
1-2: Ball
2-2: Ball
3-2: Base on Balls
Weston Chaney scores
Juan Hernández to third
Nick Gamble to second
Batting: RHB Jesús García 0-0: Foul Ball, location: 2F
0-1: DOUBLE (Line Drive, 5D)
Juan Hernández scores
Nick Gamble scores
Ricardo García to third
Runner from 3rd tries for Home, SAFE, throw made home
Batting: RHB Julian Lee 0-0: Intentional Walk
Pitching: RHP Bryan Glover
Batting: RHB Jonny Lord 0-0: Called Strike
0-1: Foul Ball, location: 2F
0-2: Fly out, F7 (Flyball, 7LM)
Batting: RHB Peter Bishop 0-0: Called Strike
0-1: Foul Ball, location: 2F
0-2: Foul Ball, location: 2F
0-2: Ball
1-2: Ground out U3 (Groundball, 34)
Top of the 7th over - 4 run(s), 2 hit(s), 2 error(s), 2 left on base; Pensacola 8 - State College 5
BOTTOM OF THE 7TH
State College Spikes batting - Pitching for Pensacola Pilots : RHP Jesús Núñez
Now at 3B: Gustavo Rodríguez
Now in LF: Ricardo García
Batting: RHB Eric Knight 0-0: SINGLE (Flyball, 8LS)
Batting: RHB Blair Whitehead 0-0: Ball
1-0: Ball
2-0: Ball
3-0: Base on Balls
Eric Knight to second
Batting: RHB Joaquín Vásquez 0-0: Called Strike
0-1: SINGLE (Groundball, 34D)
Eric Knight to third
Blair Whitehead to second
Runner from 3rd tries for Home, SAFE, throw made at trailing runner, OUT at third!
Batting: RHB Alonzo Herrera 0-0: Called Strike
0-1: DOUBLE (Line Drive, 7LM)
Joaquín Vásquez to third
Pinch Hitting: RHB Nick Harris 0-0: Ball
1-0: Foul Ball, location: 2F
1-1: Ball
2-1: Ball
3-1: Foul Ball, location: 2F
3-2: Base on Balls
Pinch Hitting: RHB Scott Lee 0-0: Foul Ball, location: 2F
0-1: Swinging Strike
0-2: Ball
Wild Pitch!
Joaquín Vásquez scores
Alonzo Herrera to third
Nick Harris to second
1-2: Foul Ball, location: 2F
1-2: Ball
2-2: Foul Ball, location: 2F
2-2: Hit by Pitch
Batting: LHB Rod Blevins 0-0: Ball
1-0: Called Strike
1-1: Foul Ball, location: 2F
1-2: SINGLE (Groundball, 34D)
Alonzo Herrera scores
Nick Harris to third
Scott Lee to second
Runner from 3rd tries for Home, SAFE, no throw
Pitching: RHP Armando Domínguez
Pinch Hitting: RHB Martín López 0-0: Swinging Strike
0-1: Swinging Strike
0-2: Fly out, F9 (Flyball, 89S)
Pinch Hitting: RHB Rafael Ortíz 0-0: Ball
1-0: Called Strike
1-1: Swinging Strike
1-2: Fly out, F8 (Line Drive, 8LM)
Bottom of the 7th over - 4 run(s), 4 hit(s), 0 error(s), 2 left on base; Pensacola 8 - State College 9
TOP OF THE 8TH
Pensacola Pilots batting - Pitching for State College Spikes : RHP Bryan Glover
Pitching: LHP Alberto Ruíz
Now at 3B: Rafael Ortíz
Now at SS: Vaughan Shelton
Now in CF: Nick Harris
Now in RF: Martín López
Batting: LHB Weston Chaney 0-0: Ball
1-0: Foul Ball, location: 2F
1-1: Foul Ball, location: 2F
1-2: Strikes out swinging
Batting: RHB Juan Hernández 0-0: Foul Ball, location: 2F
0-1: Foul Ball, location: 2F
0-2: Ball
1-2: Foul Ball, location: 2F
1-2: Ball
2-2: Ball
3-2: DOUBLE (Line Drive, 8LXD)
Batting: RHB Gustavo Rodríguez 0-0: Ball
1-0: Foul Ball, location: 2F
1-1: Foul Ball, location: 2F
1-2: Ball
2-2: Ball
3-2: 2-RUN HOME RUN (Flyball, 7LD), Distance : 309 ft
Batting: LHB Nick Gamble 0-0: Ball
1-0: Called Strike
1-1: Fly out, F7 (Flyball, 7)
Batting: LHB Ricardo García 0-0: Ball
1-0: Ball
2-0: Called Strike
2-1: SOLO HOME RUN (Flyball, 89XD), Distance : 435 ft
Batting: RHB Jesús García 0-0: Foul Ball, location: 2F
0-1: DOUBLE (Flyball, 7LM)
Pitching: RHP Esteban Garza
Batting: RHB Julian Lee 0-0: Foul Ball, location: 2F
0-1: Ball
1-1: Fly out, F9 (Flyball, 9S)
Top of the 8th over - 3 run(s), 4 hit(s), 0 error(s), 1 left on base; Pensacola 11 - State College 9
BOTTOM OF THE 8TH
State College Spikes batting - Pitching for Pensacola Pilots : RHP Armando Domínguez
Batting: RHB Eric Knight 0-0: Ball
1-0: Ball
2-0: Ball
3-0: Base on Balls
Batting: RHB Blair Whitehead 0-0: SINGLE (Groundball, 4) (infield hit)
Eric Knight to second
Batting: RHB Joaquín Vásquez 0-0: Fly out, F9 (Line Drive, 9D)
Runner from 2nd tags up, SAFE at 3rd, no throw
Pinch Hitting: RHB Piotr Zahn 0-0: Ball
1-0: SINGLE (Groundball, 6D)
Eric Knight scores
Blair Whitehead to second
Batting: RHB Nick Harris 0-0: Ball
1-0: Ball
2-0: Foul Ball, location: 2F
2-1: Ball
3-1: Base on Balls
Blair Whitehead to third
Piotr Zahn to second
Batting: RHB Vaughan Shelton 0-0: Swinging Strike
0-1: SINGLE (Line Drive, 7S)
Blair Whitehead scores
Piotr Zahn to third
Nick Harris to second
Runner from 3rd tries for Home, SAFE, throw made at trailing runner, SAFE at third!
Batting: LHB Rod Blevins 0-0: Called Strike
Vaughan Shelton steals 2nd base
0-1: Ball
1-1: Intentional Walk
Batting: RHB Martín López 0-0: Ball
1-0: Ball
2-0: Ball
3-0: Base on Balls
Nick Harris scores
Vaughan Shelton to third
Rod Blevins to second
Batting: RHB Rafael Ortíz 0-0: Ball
1-0: SINGLE (Line Drive, 6M)
Vaughan Shelton scores
Rod Blevins to third
Martín López to second
Runner from 3rd tries for Home, SAFE, throw made home
Batting: RHB Eric Knight 0-0: Ball
1-0: Fly out, F8 (Line Drive, 8RD)
Runner from 2nd tags up, SAFE at 3rd with throw
Batting: RHB Blair Whitehead 0-0: Fielders Choice at 2nd, 6-4 (Groundball, 6)
Bottom of the 8th over - 6 run(s), 4 hit(s), 0 error(s), 1 left on base; Pensacola 11 - State College 15
TOP OF THE 9TH
Pensacola Pilots batting - Pitching for State College Spikes : RHP Esteban Garza
Now in RF: Cory Hester
Batting: RHB Jonny Lord 0-0: Fly out, F4 (Popup, 34D)
Batting: RHB Peter Bishop 0-0: Ball
1-0: Ball
2-0: Called Strike
2-1: Foul Ball, location: 2F
2-2: Strikes out looking
Batting: LHB Weston Chaney 0-0: Ball
1-0: Ball
2-0: Ball
3-0: Base on Balls
Batting: RHB Juan Hernández 0-0: Ball
1-0: Fielders Choice at 2nd, 5-4 (Groundball, 5)
Top of the 9th over - 0 run(s), 0 hit(s), 0 error(s), 0 left on base; Pensacola 11 - State College 15
Thursday, March 30th, 2017 - OOTP Baseball 17.12 Build 75